cohdb
Replays
Latest Replays
All Replays
Popular Replays
Top Player Replays
Match Explorer
How It Works
Community
CoH3 Stats
Reddit
Sign in to upload your games and track your stats! →
Sign in with Steam
Match 37677369
Unlisted
Match 37677369
Overview
Messages
Build Orders
End
Panzergrenadier Squad
Selects Battlefield Espionage Battlegroup
Panzergrenadier Squad
Construct Light Support Kompanie
MG34 Team
2.5-tonne Medical Truck
Forward Retreat Point
Fire Support Elements
Selects Intel Disruption Beacon
Pak 38 Mechanized Group
Flakvierling Half-track
Selects Plunder
Construct Panzerarmee Kommand
Pak 38 Anti-tank Gun Team
Selects Firestorm
Pak 38 Mechanized Group
Walking Stuka Rocket Launcher
Tungsten Core Ammunition
Firestorm
Panzer III L Medium Tank
2.5-tonne Medical Truck
Selects 250/3 Funkpanzerwagen
Selects Anti-Tank Incendiary Munitions
Firestorm
Armored Reserves
Emergency Repair Kits
Firestorm
UH|dun! ツ
insane
iceman
Elphiroce
ISH
Khal Cetines
0
0
Comments
sign in to comment!
No comments posted yet!